 Dungeon Crawl Stone Soup version 0.31-a0-618-g7ca08c1ff9 (webtiles) character file.

Game seed: 7733854624372001306

3267 demibob the Spear-Bearer (level 9, 0/61 HPs)
             Began as a Demonspawn Gladiator on Aug 23, 2023.
             Was a Priest of Makhleb.
             Slain by a steam dragon (6 damage)
             ... on level 7 of the Dungeon.
             The game lasted 00:14:50 (6497 turns).

demibob the Spear-Bearer (Demonspawn Gladiator)     Turns: 6497, Time: 00:14:50

Health: 0/61       AC:  5    Str: 16    XL:     9   Next: 68%
Magic:  9/9        EV: 16    Int:  9    God:    Makhleb [***...]
Gold:   338        SH:  0    Dex: 18    Spells: 8/8 levels left

rFire   . . .        a - +5 halberd
rCold   . . .        (shield currently unavailable)
rNeg    . . .        m - +1 robe of Gehenna {rElec SInv}
rPois   +            (helmet restricted)
rElec   +            w - +0 cloak
rCorr   .            (no gloves)
SInv    +            f - +0 pair of boots
Will    .....        (no amulet)
Stlth   ++           P - ring of poison resistance
HPRegen 0.30/turn    (no ring)
MPRegen 0.11/turn

%: no passive effects
@: no status effects
A: antennae 2, spiny 2, condensation shield
a: Renounce Religion, Minor Destruction, Lesser Servant of Makhleb


You were on level 7 of the Dungeon.
You worshipped Makhleb.
Makhleb was most pleased with you.
You visited 1 branch of the dungeon, and saw 7 of its levels.

You collected 338 gold pieces.


Innate Abilities, Weirdness & Mutations

You have a pair of antennae on your head.
You are mostly covered in sharp spines.
A meltable shield of frost defends you. (SH +0)


   Skills:
 - Level 2.0 Fighting
 + Level 10.8 Polearms
 - Level 1.7 Throwing
 + Level 7.6 Dodging


You had 8 spell levels left.
You didn't know any spells.
Your spell library contained the following spells:

 Spells                   Type           Power      Damage    Failure   Level
 Freeze                   Ice            0%         1d3       38%         1
 Sublimation of Blood     Necr           0%         N/A       52%         2
 Frozen Ramparts          Ice            0%         1d1       77%         3
 Hailstorm                Conj/Ice       0%         3d3       77%         3
 Petrify                  Tmut/Erth      0%         N/A       99%         4
 Irradiate                Conj/Tmut      0%         3d11      100%        5

Inventory:

Hand Weapons
 a - a +5 halberd (weapon)
 g - the +12 short sword "Taifitso" {flame, rN+ Will+}
   (You found it on level 5 of the Dungeon)

   rN+:       It protects you from negative energy.
   Will+:     It increases your willpower.
 v - a +1 trident
Missiles
 d - 4 throwing nets (quivered) {=f}
 e - 5 javelins
 h - 12 boomerangs
 o - a curare-tipped dart {=f}
Armour
 b - a +0 leather armour
 f - a +0 pair of boots (worn)
 m - the +1 robe of Gehenna (worn) {rElec SInv}
   (You found it on level 6 of the Dungeon)

   rElec:     It insulates you from electricity.
   SInv:      It lets you see invisible.
 w - a +0 cloak (worn)
Magical Staves
 k - a staff of cold {!a}
Jewellery
 C - a ring of ice
 P - a ring of poison resistance (left hand)
Talismans
 p - a maw talisman
Wands
 c - a wand of digging (4)
 n - a wand of polymorph (23)
Scrolls
 q - 3 scrolls of enchant weapon
Potions
 i - a potion of curing {@q1}
 j - a potion of degeneration
 l - 2 potions of enlightenment

Dungeon Overview and Level Annotations

Branches:
Dungeon (7/15)             Temple (0/1) D:4

Altars:
Cheibriados
Dithmenos
Makhleb
Vehumet

Shops:
D:6

= #.....#...##'###
#########.....#...#g....
...<..........#...'.....
..............#'####....
...................#....
...................'....
.>...............)[#####
.........#####...)......
.......@.#...#..........
......D§§#...+..........
.........#...#..........
.............##'###.....
##.....####§.#....#.....
##...# #..##...######
##.# #..##......... #.
##..'.......... #.
##...#######....


You could see a steam dragon (catching breath).


Message History

The steam dragon breathes steam at you. The ball of steam hits you!
Your condensation shield dissipates!
No target in view!
No target in view!
No target in view!
You reach to attack!
You hit the steam dragon.
The steam dragon is lightly wounded.
The steam dragon breathes steam at you. The ball of steam hits you!!
* * * LOW HITPOINT WARNING * * *
You are too injured to fight recklessly!
The steam dragon is struck by your spines.
The steam dragon bites you!
* * * LOW HITPOINT WARNING * * *
The steam dragon completely misses you.
You hit the steam dragon.
The steam dragon is heavily wounded.
The steam dragon barely misses you. The steam dragon closely misses you.
You completely miss the steam dragon.
The steam dragon is heavily wounded.
The steam dragon closely misses you.
The steam dragon claws you but does no damage.
You barely miss the steam dragon.
The steam dragon is heavily wounded.
The steam dragon breathes steam at you. The ball of steam hits you!
* * * LOW HITPOINT WARNING * * *
The steam dragon bites you.
You die...

Skill      XL: |  1  2  3  4  5  6  7  8  9 |
---------------+----------------------------+-----
Polearms       | 3 4 5 6 7 8 9 10 | 10.8
Dodging        | 3 6 7 |  7.6
Fighting       | |  2.0
Throwing       | |  1.7

Action                     |  1- 3 |  4- 6 |  7- 9 || total
---------------------------+-------+-------+-------++-------
  Melee: Trident           |   121 |   117 |   232 ||   470
         Punch             |     1 |     1 |     4 ||     6
         Halberd           |       |       |    36 ||    36
  Throw: Boomerang         |     5 |     1 |       ||     6
         Throwing net      |       |     1 |       ||     1
  Evoke: Wand              |       |     1 |       ||     1
    Use: Scroll            |     3 |     2 |     9 ||    14
         Potion            |       |     4 |     9 ||    13
   Stab: Distracted        |       |     2 |     2 ||     4
         Held in net/web   |       |     1 |       ||     1
         Sleeping          |       |     2 |     3 ||     5
 Armour: Leather armour    |    24 |    10 |    18 ||    52
         Robe              |       |       |    13 ||    13
  Dodge: Dodged            |    77 |    43 |   142 ||   262
  Block: Other             |       |       |    11 ||    11

Levels and vault maps discovered:
D:1:      dpeg_arrival_prison, layout_basic, minmay_pentomino_v2
D:2:      layout_basic, chequers_ecumenical_altar_grove, basic_altar,
          nicolae_half_adder, uniq_robin, uniq_sigmund, uniq_terence
D:3:      layout_loops_ring, minmay_misc_feat_tower, minmay_misc_feat_roman,
          minmay_curled_crystal, chequers_avenue, corexii_shack
D:4:      layout_loops_ring, grunt_temple_overflow_lords_of_destruction,
          minmay_temple_entry_mist
D:5:      layout_basic
D:6:      layout_cave_pools, mainiacjoe_overflow_small_starburst, serial_shops,
          nicolae_shop_hallway_plus, uniq_pikel
D:7:      cheibrodos_barr_body, layout_gridville, lemuel_round_altar,
          minmay_holes

Notes
Turn   | Place    | Note
-------+----------+-------------------------------------------
     0 | D:1      | demibob the Demonspawn Gladiator began the quest for the
                  | Orb.
     0 | D:1      | Reached XP level 1. HP: 16/16 MP: 1/1
    61 | D:1      | Reached skill level 3 in Polearms
   126 | D:1      | Gained mutation: You have a pair of small antennae on your
                  | head. [demonic ancestry]
   126 | D:1      | Reached XP level 2. HP: 21/22 MP: 2/2
   626 | D:2      | Gained mutation: You are partially covered in sharp spines.
                  | [demonic ancestry]
   626 | D:2      | Reached XP level 3. HP: 27/27 MP: 3/3
   672 | D:2      | Noticed Terence
   690 | D:2      | Killed Terence
   691 | D:2      | Reached skill level 4 in Polearms
   788 | D:2      | Found a shadowy altar of Dithmenos.
   964 | D:2      | Noticed Robin
   982 | D:2      | Killed Robin
   983 | D:2      | Reached XP level 4. HP: 19/33 MP: 4/4
  1085 | D:2      | You fall into a shaft and drop 2 floors!
  1224 | D:4      | Reached skill level 5 in Polearms
  1227 | D:4      | Reached XP level 5. HP: 8/38 MP: 5/5
  1228 | D:4      | HP: 5/57 [gnoll/+0 spear[a gnoll bouda] (3)]
  1331 | D:4      | Noticed a black bear
  1346 | D:4      | Killed a black bear
  1347 | D:4      | Reached skill level 6 in Polearms
  1450 | D:4      | Found a burning altar of Makhleb.
  1450 | D:4      | Found a radiant altar of Vehumet.
  1464 | D:4      | Reached XP level 6. HP: 10/44 MP: 6/6
  1467 | D:4      | Became a worshipper of Makhleb the Destroyer
  1793 | D:2      | Found a faded altar of an unknown god.
  2009 | D:2      | Noticed Sigmund
  2025 | D:2      | Killed Sigmund
  2026 | D:2      | Reached skill level 7 in Polearms
  2478 | D:3      | Gained mutation: You are mostly covered in sharp spines.
                  | [demonic ancestry]
  2478 | D:3      | Reached XP level 7. HP: 44/50 MP: 7/7
  2746 | D:3      | Reached * piety under Makhleb
  3474 | D:4      | Reached skill level 8 in Polearms
  3474 | D:4      | Found a staircase to the Ecumenical Temple.
  3714 | D:5      | Entered Level 5 of the Dungeon
  3746 | D:5      | Identified the +12 short sword "Taifitso" {flame, rN+
                  | Will+}
  3795 | D:5      | Reached skill level 3 in Dodging
  4429 | D:5      | Gained mutation: You have a pair of antennae on your head.
                  | [demonic ancestry]
  4429 | D:5      | Reached XP level 8. HP: 43/56 MP: 8/8
  4634 | D:5      | Reached skill level 4 in Dodging
  4788 | D:6      | Found Muhanor's Jewellery Shop.
  4811 | D:6      | Noticed Pikel
  4822 | D:6      | HP: 4/56 [orc warrior/+0 long sword (5)]
  4824 | D:6      | HP: 1/56 [orc warrior/+0 long sword (8)]
  4829 | D:6      | Killed Pikel
  4830 | D:6      | Reached skill level 9 in Polearms
  4830 | D:6      | Reached skill level 5 in Dodging
  5010 | D:6      | Found a snail-covered altar of Cheibriados.
  5049 | D:6      | Identified the +1 robe of Gehenna {rElec SInv}
  5086 | D:6      | Reached ** piety under Makhleb
  5092 | D:6      | Identified 2 potions of resistance
  5529 | D:6      | Reached skill level 6 in Dodging
  5529 | D:6      | Gained mutation: A meltable shield of frost defends you.
                  | (SH +0) [demonic ancestry]
  5529 | D:6      | Reached XP level 9. HP: 55/61 MP: 9/9
  5914 | D:7      | Reached skill level 10 in Polearms
  6297 | D:7      | Noticed a purple ugly thing
  6336 | D:7      | HP: 5/61 [orc warrior/+0 halberd (8)]
  6350 | D:7      | Killed a purple ugly thing
  6351 | D:7      | Reached skill level 7 in Dodging
  6355 | D:7      | Reached *** piety under Makhleb
  6496 | D:7      | HP: 6/61 [steam dragon/ball of steam (14)]
  6497 | D:7      | Slain by a steam dragon

Vanquished Creatures
  Pikel (D:6)
  An ugly thing (D:7)
  Sigmund (D:2)
  A water moccasin (D:6)
  3 orc warriors
  3 black bears
  A phantom (D:6)
  3 bullfrogs
  A kobold brigand (D:6)
  A gnoll sergeant (D:7)
  2 scorpions
  3 wights (D:7)
  A crimson imp (D:4)
  3 orc priests
  A jelly (D:5)
  A gnoll bouda (D:4)
  5 hounds
  A sleepcap (D:4)
  Terence (D:2)
  5 iguanas
  4 orc wizards
  Robin (D:2)
  5 gnolls (D:4)
  12 adders
  2 shadow imps
  A white imp (D:7)
  An ufetubus (D:5)
  A dart slug (D:1)
  14 orcs
  14 bats
  8 endoplasms
  3 giant cockroaches (D:1)
  11 goblins (D:2)
  7 hobgoblins
  7 jackals
  3 quokkas
  6 ball pythons
  2 frilled lizards
  11 kobolds
  6 rats
158 creatures vanquished.

Table legend: (Time is in decaauts)
 A = Elapsed time spent in this place.
 B = Non-inter-level travel time spent in this place.
 C = Inter-level travel time spent in this place.
 D = Time resting spent in this place.
 E = Time spent auto-exploring this place.
 F = Levels seen in this place.
 G = Mean time per level.
                   A        B        C        D        E       F      G
               +--------+--------+--------+--------+--------+-----+--------+
         Total |   6487 |   6297 |    190 |    780 |   4362 |   7 |  926.7 |
       Dungeon |   6487 |   6297 |    190 |    780 |   4362 |   7 |  926.7 |
               +--------+--------+--------+--------+--------+-----+--------+

Top non-repeatable levels by time:
     D:2: 1209 daAuts
     D:5: 1177 daAuts
     D:4: 1125 daAuts
     D:6: 937 daAuts
     D:3: 830 daAuts
     D:1: 616 daAuts
     D:7: 591 daAuts

Table legend:
 A = Non-vault XP
 B = Vault XP
 C = Vault XP percentage of total XP
 D = Non-vault monster count
 E = Vault monster count
 F = Vault count percentage of total count
                 A         B        C        D         E       F
            +---------+---------+-------+---------+---------+-------
      Total |    2455 |    2213 |  47.4 |     129 |      29 |  18.4
            +---------+---------+-------+---------+---------+-------
        D:1 |      32 |       5 |  13.5 |      19 |       4 |  17.4
        D:2 |      51 |     323 |  86.4 |      24 |      14 |  36.8
        D:3 |      64 |       1 |   1.5 |      17 |       1 |   5.6
        D:4 |     577 |      50 |   8.0 |      18 |       1 |   5.3
        D:5 |     513 |       0 |   0.0 |      18 |       0 |   0.0
        D:6 |     827 |     673 |  44.9 |      22 |       1 |   4.3
        D:7 |     391 |    1161 |  74.8 |      11 |       8 |  42.1
            +---------+---------+-------+---------+---------+-------
